 Dungeon Crawl Stone Soup version 0.20.0-15-g7f486f2 (webtiles) character file.

107 greprep the Conjurer (level 4, -7/24 HPs)
             Began as a Deep Elf Conjurer on June 18, 2017.
             Killed from afar by an orc wizard (8 damage)
             ... with a puff of flame
             ... on level 3 of the Dungeon.
             The game lasted 00:05:15 (2663 turns).

greprep the Conjurer (Deep Elf Conjurer)            Turns: 2663, Time: 00:05:15

Health: -7/24      AC:  4    Str:  5    XL:     4   Next: 56%
Magic:  2/11       EV: 13    Int: 21    God:
Gold:   66         SH:  0    Dex: 15    Spells: 9/10 levels left

rFire    . . .     SeeInvis .   g - +3 dagger
rCold    . . .     Gourm    .   (no shield)
rNeg     . . .     Faith    .   a - +0 robe
rPois    .         Spirit   .   r - +0 helmet
rElec    .         Reflect  .   (no cloak)
rCorr    .         Harm     .   d - +0 pair of gloves
MR       .....                  (no boots)
Stlth    +.........             (no amulet)
Regen    0.1/turn               (no ring)
MPRegen  0.2/turn               (no ring)

@: confused
A: no striking features
a: no special abilities


You were on level 3 of the Dungeon.
You were very hungry.

You visited 1 branch of the dungeon, and saw 3 of its levels.

You collected 66 gold pieces.

Inventory:

Hand Weapons
 g - a +3 dagger (weapon)
Armour
 a - a +0 robe (worn)
 d - a +0 pair of gloves (worn)
 r - a +0 helmet (worn)
Scrolls
 e - 3 scrolls of amnesia {unknown}
 h - 2 scrolls of remove curse {unknown}
 j - 2 scrolls of enchant weapon {unknown}
 l - 6 scrolls of identify {unknown}
 p - 2 scrolls of enchant armour {unknown}
 q - a scroll of teleportation {unknown}
 s - a scroll of noise {unknown}
Potions
 k - a potion of cancellation {unknown}
 n - a potion of lignification {unknown}
 t - a potion of invisibility {unknown}
Books
 b - a book of Conjurations

   Spells                             Type                      Level
   a - Magic Dart                     Conjuration                  1
   b - Searing Ray                    Conjuration                  2
   c - Dazzling Spray                 Conjuration/Hexes            3
   d - Fulminant Prism                Conjuration/Hexes            4
   e - Force Lance                    Conjuration/Translocation    4
   f - Iskenderun's Mystic Blast      Conjuration                  4
 o - a book of Maledictions

   Spells                             Type                      Level
   a - Corona                         Hexes                        1
   b - Ensorcelled Hibernation        Hexes/Ice                    2
   c - Confuse                        Hexes                        3
   d - Tukima's Dance                 Hexes                        3
   e - Dazzling Spray                 Conjuration/Hexes            3
Comestibles
 c - 3 bread rations
 f - 2 royal jellies
 i - 2 meat rations
 m - a fruit


   Skills:
 + Level 2.8 Dodging
 - Level 2.6 Stealth
 + Level 3.8 Spellcasting
 + Level 6.0 Conjurations


You had 9 spell levels left.
You knew the following spells:

 Your Spells              Type           Power        Failure   Level  Hunger
a - Magic Dart            Conj           ####         1%          1    None


Dungeon Overview and Level Annotations

Branches:
Dungeon (3/15)

Altars:
Vehumet


Message History

The orc wizard is almost dead.
The orc wizard hits you with a dagger.
* * * LOW HITPOINT WARNING * * *
Casting: Magic Dart
Confirm with . or Enter, or press ? or * to list all spells.
Aiming: Magic Dart
Press: ? - help, Shift-Dir - straight line, f/p - orc wizard
Aim: an orc wizard, wielding a dagger and wearing a robe (almost dead)
The magic dart hits the orc wizard.
The orc wizard is almost dead.
The orc wizard casts a spell at you.
You are confused.
You're too confused to cast spells.
Unknown command.
Unknown command.
You hit the orc wizard but do no damage.
The orc wizard is almost dead.
The orc wizard gestures at you while chanting.
The puff of flame hits you!
You die...

####### #.....#
#########.....#
..............# #####........#
##...o@##.....#########
########..#.####......<.......
.........#...# ###############
...#######.#.## #.#..# #.##.#
#.##$# #.##.# #.##.#


You could see an orc wizard.

Vanquished Creatures
  3 gnolls (D:2)
  3 adders (D:2)
  A leopard gecko (D:1)
  2 orcs (D:3)
  A ball python (D:1)
  10 bats
  2 giant cockroaches
  8 goblins
  3 hobgoblins
  2 jackals (D:2)
  3 frilled lizards
  3 kobolds
  11 rats
52 creatures vanquished.

Notes
Turn   | Place    | Note
-------+----------+-------------------------------------------
     0 | D:1      | greprep the Deep Elf Conjurer began the quest for the Orb.
     0 | D:1      | Reached XP level 1. HP: 10/10 MP: 6/6
   128 | D:1      | Noticed a wolf
   128 | D:1      | Noticed a polar bear
   128 | D:1      | Noticed a lindwurm
   128 | D:1      | Noticed a black mamba
   434 | D:1      | Reached XP level 2. HP: 15/15 MP: 4/8
   631 | D:1      | Reached skill level 5 in Conjurations
  1478 | D:2      | Reached XP level 3. HP: 19/19 MP: 7/9
  1710 | D:2      | Found a radiant altar of Vehumet.
  1953 | D:2      | Reached XP level 4. HP: 22/24 MP: 0/11
  2346 | D:2      | Reached skill level 6 in Conjurations
  2661 | D:3      | HP: 1/24 [orc wizard/dagger (1)]
  2663 | D:3      | Killed from afar by an orc wizard

Skill      XL: |  1  2  3  4 |
---------------+-------------+-----
Conjurations   | 5 6 |  6.0
Dodging        | |  2.8
Stealth        | |  2.6
Spellcasting   | |  3.8

Action                   |  1- 3 |  4- 6 || total
-------------------------+-------+-------++-------
Melee: Dagger            |     1 |    22 ||    23
 Cast: Magic Dart        |    66 |    20 ||    86
 Stab: Sleeping          |       |     2 ||     2
  Eat: Chunk             |     2 |     2 ||     4
Armor: Robe              |       |     5 ||     5
Dodge: Dodged            |     3 |    18 ||    21
